Map: Cerulean Fall LE

Players

InZaNe

  • Race: Terran Terran
  • League: Grandmaster
  • Spawn Location: 7:00

PtitDrogo - Winner!

  • Race: Protoss Protoss
  • League: Master
  • Spawn Location: 1:00

VOD

Have the link to the VOD?

Description

Time

  • Played on: Jan. 17, 2019, 3:22 p.m.
  • Length: 7:07
Show
View Real Time Build Order
Export as new Build Order

InZaNe Terran 

Build Orders: Reaper Expand 

Get SALT Encoding   

  12  0:00  SCV  
  13  0:12  SCV  
  14  0:17  Supply Depot  
  14  0:24  SCV  
  15  0:39  SCV  
  15  0:40  Barracks  
  16  0:43  Refinery  
  16  0:51  SCV  
  17  1:03  SCV  
  18  1:15  SCV  
  19  1:28  Orbital Command, Reaper  
  20  1:41  Command Center  
  20  1:54  SCV  
  20  1:56  Supply Depot  
  20  2:00  Marine  
  22  2:06  SCV  
  23  2:09  Factory  
  23  2:18  SCV  
  23  2:20  Barracks Reactor  
  24  2:28  Barracks  
  24  2:30  SCV  
  25  2:40  Refinery  
  25  2:43  SCV  
  26  2:52  Factory Tech Lab  
  26  2:54  Orbital Command  
  26  2:55  SCV  
  27  2:58  Marine x2  
  29  3:07  SCV  
  29  3:11  Cyclone  
  33  3:16  Marine x2  
  33  3:18  Barracks Tech Lab  
  33  3:19  SCV  
  36  3:22  SCV  
  36  3:25  Supply Depot  
  37  3:31  SCV  
  37  3:34  Marine x2, SCV  
  39  3:38  Marine  
  39  3:39  Stimpack  
  42  3:43  SCV  
  42  3:46  SCV  
  44  3:55  SCV  
  45  3:58  SCV, Barracks  
  45  3:59  Supply Depot  
  45  4:01  Refinery  
  45  4:02  Engineering Bay  
  46  4:07  Marine x2, SCV  
  48  4:12  Factory Reactor, Starport  
  48  4:14  SCV  
  49  4:18  Marine  
  49  4:19  SCV  
  51  4:26  Marine, SCV  
  51  4:27  Marine, Terran Infantry Weapons Level 1  
  54  4:34  SCV  
  54  4:35  Supply Depot  
  54  4:38  SCV  
  56  4:39  Marauder  
  56  4:43  Supply Depot  
  58  4:46  Marine, SCV, Combat Shield  
  58  4:50  SCV  
  61  4:55  Factory Reactor  
  61  4:56  Marine x2  
  61  4:58  Supply Depot  
  61  4:59  SCV  
  64  5:01  Marine  
  64  5:04  Medivac x2  
  69  5:07  Supply Depot  
  69  5:09  SCV  
  72  5:14  Marauder  
  72  5:16  Marine x2  
  72  5:18  SCV  
  72  5:21  Marauder  
  77  5:25  SCV  
  78  5:28  Refinery  
  78  5:30  SCV, Supply Depot  
  78  5:32  Widow Mine  
  78  5:33  Widow Mine  
  85  5:35  Marauder  
  85  5:39  Marine x2  
  89  5:50  Marauder  
  89  5:54  Command Center  
  89  6:00  Marauder, Barracks x2  
  91  6:06  Widow Mine  
  91  6:07  Widow Mine, Marine x2  
  95  6:15  Marauder  
  80  6:31  Marine, Marauder  
  80  6:32  Marine  
  73  6:36  SCV x2  
  66  6:41  Marine  
  60  6:48  SCV  
  60  6:49  Marine x3  
Show
View Real Time Build Order
Export as new Build Order

PtitDrogo Protoss - Winner!

Build Orders: 1 Gate Expand, Phoenix Opening, Zealot Archon 

Get SALT Encoding   

  12  0:01  Probe  
  13  0:13  Probe  
  14  0:18  Pylon  
  14  0:24  Probe  
  15  0:33  Probe  
  15  0:37  Gateway  
  15  0:41  Probe  
  16  0:47  Assimilator  
  17  0:51  Probe  
  18  1:03  Probe  
  19  1:15  Probe  
  20  1:22  Nexus  
  20  1:33  Cybernetics Core  
  20  1:35  Probe  
  20  1:39  Assimilator  
  22  1:47  Probe  
  22  1:50  Pylon  
  22  1:59  Stalker, Probe  
  23  2:10  Warp Gate  
  23  2:11  Probe  
  26  2:23  Probe  
  29  2:30  Sentry  
  29  2:32  Probe x2  
  31  2:40  Probe x2  
  31  2:44  Robotics Facility  
  32  2:50  Probe x2  
  33  2:56  Stalker  
  37  3:00  Probe  
  37  3:02  Probe  
  37  3:03  Phoenix  
  39  3:08  Probe  
  40  3:14  Probe  
  40  3:15  Gateway  
  40  3:16  Gateway, Probe  
  41  3:23  Pylon  
  41  3:26  Probe  
  43  3:28  Observer, Probe  
  45  3:38  Assimilator, Probe  
  45  3:40  Assimilator  
  46  3:41  Probe  
  46  3:47  Pylon  
  47  3:50  Observer, Probe  
  47  3:53  Probe  
  50  3:59  Twilight Council  
  50  4:00  Forge  
  50  4:03  Probe  
  50  4:05  Probe  
  52  4:11  Observer  
  52  4:12  Pylon  
  52  4:14  Stalker x2  
  52  4:15  Protoss Ground Armor Level 1, Stalker  
  59  4:18  Probe  
  60  4:24  Shield Battery  
  60  4:25  Charge  
  60  4:34  Shield Battery  
  60  4:50  Warp Prism  
  60  4:51  Gateway  
  60  4:52  Gateway x2  
  60  4:54  Gateway  
  60  4:56  Gateway  
  60  5:00  Pylon  
  62  5:11  Pylon  
  62  5:13  Pylon  
  62  5:25  Zealot x3  
  62  5:27  Pylon  
  68  5:30  Immortal  
  72  5:41  Templar Archives  
  72  5:45  Shield Battery  
  72  5:48  Pylon  
  72  5:49  Stalker x2  
  76  5:51  Zealot  
  76  5:52  Sentry  
  80  6:10  Zealot x3  
  80  6:11  Zealot x2  
  88  6:17  High Templar x2  
  88  6:18  Zealot  
  96  6:21  Archon  
  82  6:33  Zealot x4  
  82  6:47  Zealot x2  
  82  6:49  Zealot x2  
  84  6:54  Probe  
  84  6:56  Stalker  
  84  6:57  Stalker x2  
  84  6:58  High Templar  
Tags
 
Add a new tag
Caveats
  • Supply blocks, unpowered buildings, or Contaminate may cause inaccurate times.
  • Supply counts are checked every 10 seconds.